 Dungeon Crawl Stone Soup version 0.31-a0-986-g5e6e4ef867 (webtiles) character file.

Game seed: 11768119961021792317

2205760 bakla the Royal Jelly (level 24, 291/291 HPs)
             Began as a Troll Fighter on Nov 18, 2023.
             Was the Champion of Jiyva.
             Escaped with the Orb
             ... and 3 runes on Nov 19, 2023!
             The game lasted 02:00:24 (40190 turns).

bakla the Royal Jelly (Troll Fighter)              Turns: 40190, Time: 02:00:25

Health: 291/291    AC: 14    Str: 41    XL:     24   Next: 90%
Magic:  47/47      EV: 13    Int:  3    God:    Jiyva [******]
Gold:   2642       SH: 14    Dex: 12    Spells: 21/23 levels left

rFire   + .          .
                       - Unarmed
rCold   + . .        b - +0 kite shield
rNeg    + + +        e - +1 faerie dragon scales {Regen+ rCorr MP+8}
rPois   +            v - +2 hood of the Assassin {Detect Stab+ Stlth++}
rElec   .            t - +1 cloak "Fuol" {rC++ Regen+ Str-3 Slay+6}
rCorr   +            (gloves unavailable)
SInv    .            (boots unavailable)
Will    ++++.        k - amulet of Vitality {RegenMP++ Regen++}
Stlth   +            Y - ring "Wipruore" {Fly rPois rN+++ Will+++ Slay-6}
HPRegen 6.28/turn    K - ring of the Raven {Fire rPois Str+5}
MPRegen 1.60/turn

%: random rage (3%)
@: flying, hasted, very quick
A: large, unfitting armour, claws 3, regeneration 1, shaggy fur 1, tough skin 1,
hooves 2, berserk 1, high MP 1, robust 1, strong 1, wild magic 3, gelatinous
body 1, tendrils, inability to read after injury 1
0: Orb of Zot
}: 3/15 runes: decaying, slimy, gossamer
a: Renounce Religion, Oozemancy, Slimify


You escaped.
You worshipped Jiyva.
Jiyva was exalted by your worship.
You visited 10 branches of the dungeon, and saw 51 of its levels.
You visited the Abyss 1 time.
You also visited: Ice Cave and Desolation.

You collected 4751 gold pieces.
You spent 2109 gold pieces at shops.

Inventory:

Missiles
 a - 61 large rocks
 i - a throwing net
Armour
 b - a +0 kite shield (worn)
 e - the +1 faerie dragon scales (worn) {Regen+ rCorr MP+8}
   (You took it off the Enchantress on level 4 of the Depths)

   MP+8:      It affects your magic capacity (+8).
   Regen+:    It increases your rate of health regeneration.
   rCorr:     It protects you from acid and corrosion.
 t - the +1 cloak "Fuol" (worn) {rC++ Regen+ Str-3 Slay+6}
   (You found it on level 5 of the Pits of Slime)

   Str-3:     It affects your strength (-3).
   Slay+6:    It affects your accuracy & damage with ranged weapons and melee
   (+6).
   rC++:      It greatly protects you from cold.
   Regen+:    It increases your rate of health regeneration.
 v - the +2 hood of the Assassin (worn) {Detect Stab+ Stlth++}
   (You found it on level 3 of the Depths)

   Detect:    It allows the wearer to sense nearby creatures.
   Stab+:     It allows the wearer to make particularly effective stabbing
   attacks against helpless or unaware enemies with any weapon.
   Stlth++:   It makes you much more stealthy.
 Z - the +2 cloak of the Thief {*Fog Slay-2 SInv Stlth+}
   (You found it on level 3 of the Depths)

   *Fog:      It may release a thick cloud of smoke when the wearer is hurt.
   Slay-2:    It affects your accuracy & damage with ranged weapons and melee
   (-2).
   SInv:      It lets you see invisible.
   Stlth+:    It makes you more stealthy.
Jewellery
 h - the amulet "Omiut" {Regen+ rCorr}
   (You found it in the Desolation of Salt)

   [amulet of regeneration]

   Regen+:    It increases your rate of health regeneration.
   rCorr:     It protects you from acid and corrosion.
 k - the amulet of Vitality (around neck) {RegenMP++ Regen++}
   (You took it off a spriggan air mage on level 1 of the Depths)

   [amulet of magic regeneration]

   RegenMP:   It increases your rate of magic regeneration.
   Regen++:   It increases your rate of health regeneration.
 F - the amulet of Jufof {Acrobat rF+ Slay+3}
   (You found it in the Desolation of Salt)

   [amulet of the acrobat]

   Acrobat:   It increases your evasion while moving and waiting.
   Slay+3:    It affects your accuracy & damage with ranged weapons and melee
   (+3).
   rF+:       It protects you from fire.
 K - the ring of the Raven (right claw) {Fire rPois Str+5}
   (You took it off a salamander mystic on level 2 of the Depths)

   [ring of fire]

   Fire:      It enhances your fire magic.
   Str+5:     It affects your strength (+5).
   rF+:       It protects you from fire.
   rC-:       It makes you vulnerable to cold.
   rPois:     It protects you from poison
 V - the ring of Bomoc {Fly rN+ SInv}
   (You found it in the Desolation of Salt)

   [ring of flight]

   rN+:       It protects you from negative energy.
   SInv:      It lets you see invisible.
   Fly:       It grants you flight.
 X - the ring of Creativity {rC+ rN+}
   (You found it on level 2 of the Depths)

   [ring of protection from cold]

   rC+:       It protects you from cold.
   rN+:       It protects you from negative energy.
 Y - the ring "Wipruore" (left claw) {Fly rPois rN+++ Will+++ Slay-6}
   (You took it off a spriggan air mage on level 2 of the Depths)

   [ring of poison resistance]

   Slay-6:    It affects your accuracy & damage with ranged weapons and melee
   (-6).
   rPois:     It protects you from poison rN+++: It renders you almost immune to
   negative energy.
   Will+++:   It greatly increases your willpower.
   Fly:       It grants you flight.
Talismans
 Q - a granite talisman
 W - a talisman of death
Wands
 s - a wand of paralysis (20)
 w - a wand of quicksilver (30)
 A - a wand of flame (40)
 H - a wand of mindburst (8)
 N - a wand of roots (18)
Scrolls
 g - 6 scrolls of teleportation
 l - a scroll of silence
 n - 7 scrolls of amnesia
 o - 6 scrolls of fear
 u - 6 scrolls of enchant armour
 x - 4 scrolls of vulnerability
 B - a scroll of blinking
 D - a scroll of butterflies
 I - 3 scrolls of enchant weapon
 J - 3 scrolls of poison
 R - a scroll of brand weapon
 S - 5 scrolls of immolation
Potions
 c - 5 potions of might
 d - a potion of mutation
 j - a potion of lignification
 m - 7 potions of ambrosia
 p - 7 potions of curing
 q - 3 potions of attraction
 r - 5 potions of heal wounds
 y - a potion of enlightenment
 E - 4 potions of resistance
 G - a potion of invisibility
 L - a potion of haste
 M - a potion of brilliance
 O - 2 potions of magic
 P - a potion of cancellation
 T - a potion of experience
Miscellaneous
 z - a phial of floods
 C - a phantom mirror


   Skills:
 - Level 20.0 Fighting
 + Level 9.4 Dodging
 + Level 18.8 Shields
 - Level 20.0 Unarmed Combat
 - Level 20.1 Invocations
 - Level 16.0 Shapeshifting


You had 21 spell levels left.
You knew the following spells:

 Your Spells              Type           Power      Damage    Failure   Level
a - Wereblood             Tmut           0%         N/A       92%         2

Your spell library contained the following spells:

 Spells                   Type           Power      Damage    Failure   Level
 Necrotise                Necr           0%         1d4       85%         1
 Sandblast                Erth           0%         2d4       85%         1
 Summon Small Mammal      Summ           0%         N/A       85%         1
 Blink                    Tloc           0%         N/A       92%         2
 Ensorcelled Hibernation  Hex/Ice        0%         N/A       92%         2
 Jinxbite                 Hex            0%         N/A       92%         2
 Lesser Beckoning         Tloc           0%         N/A       92%         2
 Passwall                 Tmut/Erth      0%         N/A       92%         2
 Scorch                   Fire           0%         2d5       92%         2
 Call Canine Familiar     Summ           0%         N/A       99%         3
 Confusing Touch          Hex            0%         N/A       99%         3
 Dazzling Flash           Conj/Hex       0%         N/A       99%         3
 Frozen Ramparts          Ice            0%         1d1       99%         3
 Gell's Gravitas          Tloc           0%         N/A       99%         3
 Inner Flame              Hex/Fire       0%         N/A       99%         3
 Sigil of Binding         Hex            0%         N/A       99%         3
 Stone Arrow              Conj/Erth      0%         3d7       99%         3
 Summon Guardian Golem    Hex/Summ       0%         N/A       99%         3
 Teleport Other           Tloc           0%         N/A       99%         3
 Vampiric Draining        Necr           0%         2d6       99%         3
 Volatile Blastmotes      Fire/Tloc      0%         2d10      99%         3
 Anguish                  Hex/Necr       0%         N/A       100%        4
 Animate Dead             Necr           0%         N/A       100%        4
 Brom's Barrelling Bould  Conj/Erth      0%         2d3       100%        4
 Dimensional Bullseye     Hex/Tloc       0%         N/A       100%        4
 Flame Wave               Conj/Fire      0%         2d4       100%        4
 Petrify                  Tmut/Erth      0%         N/A       100%        4
 Summon Ice Beast         Ice/Summ       0%         N/A       100%        4
 Agony                    Necr           0%         N/A       100%        5
 Alistair's Intoxication  Tmut/Pois      0%         N/A       100%        5
 Borgnjor's Vile Clutch   Necr/Erth      0%         N/A       100%        5
 Irradiate                Conj/Tmut      0%         3d11      100%        5
 Metabolic Englaciation   Hex/Ice        0%         N/A       100%        5
 Summon Forest            Summ/Tloc      0%         N/A       100%        5
 Summon Mana Viper        Hex/Summ       0%         N/A       100%        5
 Yara's Violent Unravell  Hex/Tmut       0%         3d3       100%        5
 Conjure Ball Lightning   Conj/Air       0%         3x3d6     100%        6
 Death Channel            Necr           0%         N/A       100%        6
 Eringya's Noxious Bog    Tmut/Pois      0%         4d6       100%        6
 Starburst                Conj/Fire      0%         6d3       100%        6
 Summon Cactus Giant      Summ           0%         N/A       100%        6
 Enfeeble                 Hex            0%         N/A       100%        7
 Haunt                    Necr/Summ      0%         N/A       100%        7
 Monstrous Menagerie      Summ           0%         N/A       100%        7
 Summon Hydra             Summ           0%         N/A       100%        7
 Borgnjor's Revivificati  Necr           0%         N/A       100%        8
 Discord                  Hex            0%         N/A       100%        8
 Disjunction              Tloc           0%         N/A       100%        8
 Maxwell's Capacitive Co  Air            0%         ∞         100%        8
 Death's Door             Necr           0%         N/A       100%        9


Dungeon Overview and Level Annotations

Branches:
Dungeon (15/15)            Temple (0/1) D:7            Lair (5/5) D:11
  Swamp (4/4) Lair:2       Spider (4/4) Lair:2        Slime (5/5) Lair:4
    Orc (2/2) D:9             Elf (3/3) Orc:2        Vaults (4/5) D:14
  Crypt (0/3) Vaults:2     Depths (4/4) D:15            Zot (5/5) Depths:4
  IceCv (visited)         Desolation (visited)

Altars:
Ashenzari
Cheibriados
Dithmenos
Elyvilon
Gozag
Kikubaaqudgha
Nemelex Xobeh
Okawaru
Qazlal
Ru
Sif Muna
Trog
Vehumet
Zin
The Shining One
Jiyva

Shops:
D:6 *   D:7 ?   D:10 ?   Orc:1 [   Orc:2 =?*![   Elf:1 ::(*(   Vaults:2 (
Depths:2 (*(

Portals:
Hell: Depths:2 Depths:3 Depths:4
Abyss: Depths:3
Pandemonium: Depths:2 Depths:3 Depths:4
Ziggurat: Depths:3
Trove: Elf:1 (give +7 demon blade)

Annotations:
D:14 exclusion: orange crystal statue
Slime:5 Royal Jelly
Orc:2 2 transporters, Pooter's ghost, journeyman MiBe
Elf:2 3 runed translucent doors
Depths:2 2 transporters
Zot:3 exclusions: 2 draconian scorchers and 4 draconian stormcallers
Zot:4 up one level is ambush
Zot:5 exclusion: 2 upstairs


Innate Abilities, Weirdness & Mutations

You are too large for most types of armour.
You have claws for hands.
Your natural rate of healing is unusually fast.
You are covered in fur. (AC +1)
You have tough skin. (AC +1)
You have hoof-like feet.
You sometimes lose your temper in combat.
You have an increased reservoir of magic. (+10% MP)
You are robust. (+10% HP)
Your muscles are strong. (Str +4, Int/Dex -1)
Your spells are much harder to cast, but much more powerful.
Your rubbery body absorbs attacks. (AC +1, EV +1)
You are covered in slimy tendrils that may disarm your opponents.
You occasionally lose the ability to read scrolls when taking damage.


Message History

There is a stone staircase leading up here.
You fly upwards.
There is a stone staircase leading down here.
An Orb Guardian comes into view.
You feel yourself speed up.
There is an escape hatch in the ceiling here.
A mysterious force pulls you upwards. The hatch slams shut behind you.
What level of the Dungeon? (default 1, ? - help)
Your extra speed is starting to run out.
You feel yourself slow down.
There is a stone staircase leading up here.
You fly upwards.
There is a stone staircase leading down here.
There is a stone staircase leading up here.
You fly upwards.
There is a stone staircase leading down here.
There is a stone staircase leading up here.
You fly upwards.
There is a stone staircase leading down here.
There is a stone staircase leading up here.
You fly upwards.
There is a stone staircase leading down here.
There is a stone staircase leading up here.
You fly upwards.
There is a stone staircase leading down, spattered with blood here.
There is a stone staircase leading up here.
You fly upwards.
There is a stone staircase leading down here.
There is a stone staircase leading up here.
You fly upwards.
There is a stone staircase leading down here.
What level of the Dungeon? (default 1, ? - help)
An orange demon comes into view.
There are no items here.
Unknown command.
You feel yourself speed up.
You swap places.
An Orb Guardian comes into view.
There is a staircase leading out of the dungeon here.
You have escaped!

.......#.........{...............
.......##...##..#.{..##..........
............'...##...##..........
...........##..###...X...........
.......###..#..X###....J.........
.......# #..#....##...#..........
.......###..##...###..#..........
.......##....#....##{...#........
............###.@.###...##..#....
....#.####..>##...>##...##..##...
......# #....##..####..##.J#####
.....#####....##....###.##.##
.........#.##...........##.#
.....###...#####.......###.#
...........#####.....#####.#
...........J...............######
............#.........###........


You could see an Orb Guardian.

Vanquished Creatures
  7 orbs of fire (Zot:5)
  2 ancient liches (Zot:5)
  A juggernaut (Depths:1)
  2 Killer Klowns
  Xtahua (Depths:4)
  the Lernaean hydra (Swamp:4)
  A curse toe (Zot:2)
  3 caustic shrikes (Depths:3)
  Saint Roka (Orc:2)
  12 golden dragons
  the Enchantress (Depths:4)
  Jory (Vaults:2)
  3 electric golems
  A Hell Sentinel (Zot:5)
  7 tentacled monstrosities
  Rupert (D:12)
  A Tzitzimitl (Depths:3)
  A walking crystal tome (Depths:2)
  3 quicksilver dragons
  3 titans (Depths:2)
  A deep elf master archer (Elf:3)
  21 Orb Guardians (Zot:5)
  A walking divine tome (Depths:2)
  9 death cobs
  2 ancient champions (Depths:2)
  2 tentacled starspawn (Abyss:3)
  2 sphinxes
  13 shadow dragons
  4 tengu reavers
  Donald (Vaults:1)
  A fenstrider witch (Swamp:1)
  3 thorn hunters
  10 storm dragons
  An imperial myrmidon (Desolation)
  3 fire giants
  6 draconian monks
  3 deep elf elementalists (Elf:3)
  A balrug (Depths:3)
  4 frost giants
  7 deep elf sorcerers
  A draconian knight (Zot:2)
  13 vault wardens
  4 emperor scorpions (Spider:4)
  9 ghost moths
  A draconian shifter (Zot:3)
  An angel (Depths:3)
  An iron dragon (Depths:1)
  A curse skull (Zot:2)
  5 orc warlords
  19 ironbound preservers
  3 draconian scorchers
  A cacodemon (Depths:3)
  16 very ugly things
  9 stone giants
  A war gargoyle (Vaults:3)
  5 spriggan defenders
  A reaper (Depths:4)
  5 ironbound thunderhulks
  A lorocyproca (Abyss:3)
  7 draconian annihilators
  6 deep elf demonologists
  3 eleionomae
  7 green draconians
  4 vampire knights
  7 deep elf annihilators
  13 red draconians
  4 bunyips
  6 black draconians
  4 halazid warlocks (Desolation)
  13 purple draconians
  5 dire elephants
  18 yellow draconians
  11 spark wasps
  9 ettins
  2 blizzard demons (Depths:4)
  9 white draconians
  8 deep elf death magi
  2 starcursed masses (Abyss:3)
  3 crystal guardians
  Josephine (Orc:2)
  A shambling mangrove (Swamp:4)
  9 fire dragons
  6 deep elf high priests
  4 entropy weavers
  5 jiangshi
  Snorg (D:12)
  7 yaktaur captains
  12 ice dragons
  5 ragged hierophants (Desolation)
  7 servants of whispers (Desolation)
  3 rakshasas
  A ghost crab (Lair:2)
  2 salamander tyrants (Depths:2)
  8 hydras
  An ogre mage (Vaults:4)
  9 peacekeepers
  2 catoblepae
  Erolcha (D:10)
  17 vault guards
  5 radroaches
  2 two-headed ogres
  9 alligators
  14 spriggan air magi
  9 boulder beetles
  8 centaur warriors
  A jorogumo (Spider:4)
  11 ironbound frosthearts
  9 dancing weapons
  10 demonic crawlers
  9 deep troll shamans
  8 deep troll earth magi
  4 tengu warriors
  An orc high priest (Vaults:3)
  4 vampire magi
  2 thrashing horrors (Abyss:3)
  Sonja (D:12)
  9 deep elf knights
  A hell knight (Vaults:2)
  2 occultists
  5 spriggan berserkers
  Nergalle (D:10)
  10 shadow wraiths
  14 skeletal warriors
  A fire crab (shapeshifter) (D:13)
  A sixfirhy (Abyss:3)
  6 salamander mystics
  4 goliath frogs
  A skyshark (Lair:5)
  4 pharaoh ants
  3 spriggan druids
  7 orb spiders
  3 shadow demons (Depths:3)
  43 deep trolls
  11 iron trolls
  11 swamp dragons
  14 ironbound convokers
  21 orc knights
  6 bog bodies
  13 lindwurms
  4 necromancers
  4 steelbarb worms
  An obsidian statue (Zot:2)
  3 phantasmal warriors
  21 wolf spiders
  21 deep elf zephyrmancers
  6 arcanists
  17 deep elf archers
  4 harpies
  16 salamanders
  23 deep elf pyromancers
  38 ugly things
  5 will-o-the-wisps
  7 cyclopes
  An orc sorcerer (Elf:3)
  3 oklob plants (Zot:2)
  3 manticores
  16 moths of wrath
  2 guardian serpents (Desolation)
  An apocalypse crab (Abyss:3)
  4 elephants (Lair:5)
  A worldbinder (Abyss:3)
  9 black mambas
  A cane toad (shapeshifter) (D:14)
  22 vault sentinels
  2 fire giant skeletons (Depths:1)
  A smoke demon (Depths:4)
  12 cane toads
  2 ice statues (IceCv)
  6 torpor snails
  A molten gargoyle (Desolation)
  7 rime drakes
  11 komodo dragons
  An efreet (D:15)
  An unseen horror (Abyss:3)
  3 ice devils
  Maggie (D:8)
  15 yaktaurs
  A golden dragon simulacrum (Depths:1)
  2 ancient zymes (Abyss:3)
  A red devil (Abyss:3)
  6 meliai
  A queen bee (D:12)
  5 polar bears
  31 hornets
  35 tarantellas
  9 trolls
  6 tyrant leeches
  20 blink frogs
  20 dream sheep
  48 saltlings (Desolation)
  Prince Ribbit (D:9)
  A blink frog (shapeshifter) (D:13)
  5 raiju (Abyss:3)
  A frost giant simulacrum (Depths:1)
  A human simulacrum (Vaults:2)
  3 large abominations (Abyss:3)
  An elf zombie (Vaults:2)
  23 culicivoras
  31 jumping spiders
  A centaur simulacrum (D:15)
  4 vampires
  2 shadows
  32 spriggans
  3 air elementals
  A water elemental (Elf:1)
  A ynoxinul (Abyss:3)
  A yak (shapeshifter) (D:14)
  76 yaks
  5 wyverns
  A hog (shapeshifter) (D:13)
  15 humans (D:14)
  8 wraiths
  52 redbacks
  4 basilisks
  Grum (D:9)
  5 vampire mosquitoes
  3 fire elementals
  A chaos spawn (Abyss:3)
  3 steam dragons
  17 swamp worms
  A spriggan simulacrum (Depths:1)
  10 wargs
  An acid dragon (D:8)
  21 water moccasins
  A hell hound (Spider:2)
  A human zombie (Vaults:2)
  Duvessa (D:5)
  An ogre skeleton (Vaults:2)
  6 swamp drakes
  54 orc warriors
  4 black bears
  An ice beast (D:5)
  3 sky beasts
  8 ogres
  6 boggarts
  29 wolves
  7 centaurs
  Blork the orc (D:4)
  3 kobold brigands
  6 bullfrogs
  7 earth elementals
  2 scorpions
  9 wights
  Dowan (D:5)
  14 killer bees
  2 lindwurm simulacra (IceCv)
  3 howler monkeys
  7 komodo dragon simulacra (IceCv)
  7 iguanas
  14 orc priests
  2 hounds
  Crazy Yiuf (D:2)
  2 gnoll boudas
  2 lightning spires (Zot:2)
  20 orc wizards
  6 acid dragon simulacra (IceCv)
  7 adders
  7 gnolls
  A shadow imp (D:7)
  A white imp (D:6)
  2 ufetubi (D:7)
  3 steam dragon simulacra (IceCv)
  A worm (D:3)
  A dart slug (D:3)
  80 orcs
  3 endoplasms (D:1)
  5 giant cockroaches
  2 goblins
  5 hobgoblins
  12 jackals
  25 kobolds
  4 quokkas
  4 ball pythons (D:3)
  3 bats (D:1)
  2 frilled lizards
  3 rats
  A starspawn tentacle (Abyss:3)
2006 creatures vanquished.

Vanquished Creatures (collateral kills)
  A deep elf sorcerer (Elf:2)
  A deep elf demonologist (Elf:2)
  An orb spider (Spider:1)
3 creatures vanquished.

Vanquished Creatures (others)
  A formless jellyfish (Vaults:4)
  A spark wasp (shapeshifter) (Depths:4)
  An ice dragon (Zot:1)
  6 great orbs of eyes
  A ghost crab (Swamp:3)
  An alligator (Swamp:1)
  A hydra (Swamp:4)
  2 two-headed ogres
  2 thrashing horrors (Abyss:3)
  2 vampire magi
  A deep elf knight (Elf:3)
  An orb spider (Spider:4)
  2 deep trolls
  3 glowing orange brains
  2 lindwurms (Vaults:1)
  A harpy (shapeshifter) (Depths:3)
  2 arcanists
  An ironbound convoker (Vaults:3)
  3 deep elf zephyrmancers
  A moth of wrath (Zot:1)
  An orange demon (Abyss:3)
  2 vault sentinels
  A rime drake (IceCv)
  4 glass eyes (Depths:2)
  A tyrant leech (Swamp:4)
  24 slime creatures
  A spriggan (Swamp:4)
  2 humans (D:14)
  A wyvern (D:10)
  A basilisk (Lair:2)
  A redback (shapeshifter) (Depths:2)
  A redback (Spider:1)
  A naga (shapeshifter) (Elf:2)
  A swamp worm (Swamp:3)
  An acid dragon (D:12)
  2 swamp drakes (Swamp:4)
  2 orc warriors
  2 boggarts (Lair:5)
  2 ogres (Vaults:4)
  A centaur (D:10)
  A bullfrog (D:8)
  2 howler monkeys
  301 jellies
  An iron imp (Abyss:3)
  An orc priest (Vaults:3)
  An orc wizard (Orc:1)
  A gnoll (D:7)
  2 adders (D:5)
  3 white imps
  4 ufetubi
  3 steam dragon simulacra (IceCv)
  2 dart slugs
  2 endoplasms
  9 orcs
  A giant cockroach (shapeshifter) (Depths:3)
  2 hobgoblins (D:2)
  A jackal (D:4)
  2 rats (D:2)
  8 foxfires
  A lurking horror (Abyss:3)
  A starspawn tentacle (Abyss:3)
436 creatures vanquished.

Grand Total: 2445 creatures vanquished

Notes
Turn   | Place    | Note
-------+----------+-------------------------------------------
     0 | D:1      | bakla the Troll Fighter began the quest for the Orb.
     0 | D:1      | Reached XP level 1. HP: 22/22 MP: 0/0
    90 | D:1      | Reached XP level 2. HP: 29/29 MP: 1/1
   159 | D:1      | Noticed a great orb of eyes
   165 | D:1      | Found a faded altar of an unknown god.
   166 | D:1      | Noticed an eye of devastation
   166 | D:1      | Noticed a great orb of eyes
   166 | D:1      | Noticed a great orb of eyes
   173 | D:1      | Prayed at the altar of an unknown god.
   173 | D:1      | Became a worshipper of Jiyva Jarucke the Shapeless
   173 | D:1      | Reached * piety under Jiyva
   309 | D:1      | Reached skill level 1 in Shapeshifting
   482 | D:2      | Reached XP level 3. HP: 36/36 MP: 2/2
   521 | D:2      | You fall into a shaft and drop 2 floors!
   525 | D:4      | Reached ** piety under Jiyva
   534 | D:3      | Found a radiant altar of Vehumet.
   649 | D:3      | Reached XP level 4. HP: 45/45 MP: 3/3
   947 | D:3      | Found an ancient bone altar of Kikubaaqudgha.
  1072 | D:4      | Noticed a scorpion
  1076 | D:4      | Killed a scorpion
  1077 | D:4      | Reached XP level 5. HP: 53/53 MP: 4/4
  1088 | D:4      | Reached *** piety under Jiyva
  1137 | D:4      | Noticed Blork the orc
  1159 | D:4      | Killed Blork the orc
  1160 | D:4      | Reached XP level 6. HP: 47/62 MP: 5/5
  1222 | D:4      | Found a shimmering blue altar of Sif Muna.
  1363 | D:2      | Gained mutation: You have a pair of small horns on your
                  | head. [Jiyva's grace]
  1363 | D:2      | Gained mutation: You have a pair of horns on your head.
                  | [Jiyva's grace]
  1363 | D:2      | Gained mutation: You have a pair of large horns on your
                  | head. [Jiyva's grace]
  1363 | D:2      | Gained mutation: Your system is resistant to poisons.
                  | (rPois) [Jiyva's grace]
  1379 | D:2      | Found a runed translucent door.
  1380 | D:2      | Noticed Crazy Yiuf
  1387 | D:2      | Killed Crazy Yiuf
  1632 | D:4      | Reached **** piety under Jiyva
  1641 | D:4      | Found a shadowy altar of Dithmenos.
  1641 | D:4      | Found an opulent altar of Gozag.
  1641 | D:4      | Found a glowing silver altar of Zin.
  2091 | D:5      | Entered Level 5 of the Dungeon
  2091 | D:5      | Noticed Dowan
  2092 | D:5      | Noticed Duvessa
  2133 | D:5      | Noticed an ice beast
  2136 | D:5      | Killed an ice beast
  2166 | D:5      | Killed Duvessa
  2167 | D:5      | Reached XP level 7. HP: 56/71 MP: 6/6
  2169 | D:5      | Killed Dowan
  2172 | D:5      | Reached skill level 5 in Unarmed Combat
  2259 | D:5      | Found a bloodstained altar of Trog.
  2415 | D:5      | Reached skill level 5 in Fighting
  2773 | D:6      | Reached XP level 8. HP: 80/80 MP: 7/7
  2849 | D:6      | Reached skill level 5 in Shapeshifting
  2907 | D:6      | Found Let Var's Assorted Antiques.
  3005 | D:6      | Found a broken altar of Ashenzari.
  3119 | D:6      | Gained mutation: You are covered in slimy tendrils that may
                  | disarm your opponents. [Jiyva's grace]
  3119 | D:6      | Gained mutation: You have hidden genetic potential.
                  | [Jiyva's grace]
  3119 | D:6      | Gained mutation: You have great hidden genetic potential.
                  | [Jiyva's grace]
  3119 | D:6      | Gained mutation: You have sharp toenails. [Jiyva's grace]
  3120 | D:6      | Reached ***** piety under Jiyva
  3373 | D:7      | Found Yxzejam's Magic Scroll Emporium.
  3376 | D:7      | Bought a scroll of immolation for 48 gold pieces
  3376 | D:7      | Bought a scroll of fear for 48 gold pieces
  3376 | D:7      | Bought a scroll of fear for 48 gold pieces
  3376 | D:7      | Bought a scroll of identify for 24 gold pieces
  3563 | D:7      | Noticed a hornet
  3566 | D:7      | Killed a hornet
  3567 | D:7      | Reached XP level 9. HP: 89/89 MP: 8/8
  3901 | D:7      | Found a staircase to the Ecumenical Temple.
  4252 | D:8      | Noticed Maggie
  4305 | D:8      | Killed Maggie
  4619 | D:8      | Found an iron altar of Okawaru.
  4748 | D:9      | Noticed Grum
  4755 | D:9      | Reached XP level 10. HP: 101/102 MP: 9/9
  4769 | D:9      | Killed Grum
  4800 | D:9      | Lost mutation: You have sharp toenails. [Jiyva's grace]
  4800 | D:9      | Gained mutation: You possess an exceptional clarity of
                  | mind. [Jiyva's grace]
  4800 | D:9      | Gained mutation: Armour fits poorly on your pseudopods.
                  | [Jiyva's grace]
  4800 | D:9      | Gained mutation: Armour fits poorly on your large
                  | pseudopods. [Jiyva's grace]
  4800 | D:9      | Gained mutation: Armour fits poorly on your massive
                  | pseudopods. [Jiyva's grace]
  4983 | D:9      | Gained mutation: You have sharp toenails. [hidden
                  | potential]
  4986 | D:9      | Noticed a two-headed ogre
  4999 | D:9      | Killed a two-headed ogre
  5033 | D:9      | Found a stormy altar of Qazlal.
  5049 | D:9      | Reached ****** piety under Jiyva
  5052 | D:9      | Noticed Prince Ribbit
  5061 | D:9      | Killed Prince Ribbit
  5073 | D:9      | Noticed a cyclops
  5081 | D:9      | Killed a cyclops
  5202 | D:9      | Found a staircase to the Orcish Mines.
  5240 | D:9      | Noticed a cyclops
  5245 | D:9      | Killed a cyclops
  5246 | D:9      | Reached skill level 10 in Unarmed Combat
  5643 | D:10     | Entered Level 10 of the Dungeon
  5669 | D:10     | Noticed Erolcha
  5678 | D:10     | Killed Erolcha
  5679 | D:10     | Reached XP level 11. HP: 90/113 MP: 10/10
  5845 | D:10     | Noticed Nergalle
  5858 | D:10     | Killed Nergalle
  5861 | D:10     | Gained mutation: Your flesh is heat resistant. (rF+)
                  | [hidden potential]
  5861 | D:10     | Lost mutation: You have great hidden genetic potential.
                  | [hidden potential expressed]
  6082 | D:10     | Found a sacrificial altar of Ru.
  6478 | D:10     | Found Yxedacem's Magic Scroll Shoppe.
  6483 | D:10     | Bought a scroll of teleportation for 42 gold pieces
  6483 | D:10     | Bought a scroll of enchant armour for 105 gold pieces
  6699 | D:11     | Found a staircase to the Lair.
  6865 | D:11     | Noticed a catoblepas
  6876 | D:11     | Killed a catoblepas
  6991 | Lair:1   | Entered Level 1 of the Lair of Beasts
  6993 | Lair:1   | Lost mutation: You have a pair of large horns on your head.
                  | [Jiyva's grace]
  6993 | Lair:1   | Lost mutation: You possess an exceptional clarity of mind.
                  | [Jiyva's grace]
  6993 | Lair:1   | Lost mutation: You are covered in slimy tendrils that may
                  | disarm your opponents. [Jiyva's grace]
  6993 | Lair:1   | Gained mutation: You are partially covered in iridescent
                  | scales. (AC +2) [Jiyva's grace]
  6993 | Lair:1   | Gained mutation: You are mostly covered in iridescent
                  | scales. (AC +4) [Jiyva's grace]
  6993 | Lair:1   | Gained mutation: You are completely covered in iridescent
                  | scales. (AC +6) [Jiyva's grace]
  6993 | Lair:1   | Gained mutation: Your flesh is very heat resistant. (rF++)
                  | [Jiyva's grace]
  7163 | Lair:1   | Reached skill level 10 in Shapeshifting
  7414 | Lair:1   | Reached skill level 10 in Fighting
  7766 | Lair:2   | Reached XP level 12. HP: 126/126 MP: 11/11
  7826 | Lair:2   | Gained mutation: Your spells are a little harder to cast,
                  | but a little more powerful. [hidden potential]
  7958 | Lair:2   | Noticed a four-headed hydra
  7959 | Lair:2   | Found a staircase to the Swamp.
  8129 | Lair:2   | Slimified a four-headed hydra
  8129 | Lair:2   | a four-headed hydra changed into an azure jelly
  8129 | Lair:2   | Noticed an azure jelly
  8218 | Lair:2   | Found a hole to the Spider Nest.
  8628 | Lair:3   | Lost mutation: You are completely covered in iridescent
                  | scales. (AC +6) [Jiyva's grace]
  8628 | Lair:3   | Lost mutation: Your flesh is very heat resistant. (rF++)
                  | [Jiyva's grace]
  8628 | Lair:3   | Lost mutation: Armour fits poorly on your massive
                  | pseudopods. [Jiyva's grace]
  8628 | Lair:3   | Gained mutation: Your melee attacks may engulf your foes in
                  | ooze. [Jiyva's grace]
  8628 | Lair:3   | Gained mutation: Your rubbery body absorbs attacks. (AC +1,
                  | EV +1) [Jiyva's grace]
  8628 | Lair:3   | Gained mutation: Your pliable body absorbs attacks. (AC +2,
                  | EV +2) [Jiyva's grace]
  8628 | Lair:3   | Gained mutation: Your gelatinous body deflects attacks. (AC
                  | +3, EV +3) [Jiyva's grace]
  8971 | Lair:3   | Noticed a seven-headed hydra
  8976 | Lair:3   | Slimified a seven-headed hydra
  8976 | Lair:3   | a seven-headed hydra changed into an acid blob
  8976 | Lair:3   | Noticed an acid blob
  9157 | Lair:3   | Identified the +2 plate armour "Lofugam" {rC+ rN+ Int-3
                  | Dex+2}
  9278 | Lair:4   | Found a viscous altar of Jiyva.
  9278 | Lair:4   | Found a staircase to the Slime Pits.
  9297 | WizLab   | Identified the "Vocru"
  9297 | Vaults:5 | Identified the "Uxa Citz"
  9297 | Vaults:5 | Identified the "Folex"
  9297 | Vaults:5 | Identified the "Zolexozo"
  9297 | Crypt:3  | Identified the of Bahum
  9297 | Zot:1    | Identified the "Zihoymu"
  9297 | Slime:1  | Entered Level 1 of the Pits of Slime
  9371 | Slime:1  | Noticed an acid blob
  9371 | Slime:1  | Noticed an azure jelly
  9392 | Slime:2  | Noticed a quicksilver ooze
  9394 | Slime:2  | Noticed an acid blob
  9397 | Slime:2  | Noticed a quicksilver ooze
  9400 | Slime:3  | Noticed an acid blob
  9463 | Slime:3  | Noticed a rockslime
  9523 | Slime:3  | Noticed a great orb of eyes
  9550 | Slime:3  | Noticed a rockslime
  9553 | Slime:3  | Noticed a rockslime
  9589 | Slime:4  | Noticed a rockslime
  9589 | Slime:4  | Noticed a quicksilver ooze
  9594 | Slime:4  | Noticed an azure jelly
  9600 | Slime:4  | Noticed a quicksilver ooze
  9604 | Slime:3  | Noticed an acid blob
  9672 | Slime:2  | Noticed a rockslime
  9747 | Lair:4   | Reached XP level 13. HP: 118/137 MP: 12/12
  9811 | Lair:4   | Gained mutation: Your mind is acute. (Int +4, Str/Dex -1)
                  | [hidden potential]
  9811 | Lair:4   | Lost mutation: You have hidden genetic potential. [hidden
                  | potential expressed]
 10200 | Lair:4   | Lost mutation: You have a pair of horns on your head.
                  | [Jiyva's grace]
 10200 | Lair:4   | Gained mutation: Your movements are slightly less
                  | encumbered by armour. (ER -2) [Jiyva's grace]
 10200 | Lair:4   | Gained mutation: Your movements are less encumbered by
                  | armour. (ER -4) [Jiyva's grace]
 10200 | Lair:4   | Gained mutation: Your movements are significantly less
                  | encumbered by armour. (ER -6) [Jiyva's grace]
 10200 | Lair:4   | Gained mutation: You have a small jelly attached to you
                  | that may absorb projectiles. [Jiyva's grace]
 10722 | Slime:4  | Noticed a quicksilver ooze
 10739 | Slime:4  | Noticed a quicksilver ooze
 10744 | Slime:4  | Noticed an azure jelly
 10750 | Slime:4  | Noticed an azure jelly
 10759 | Slime:5  | Entered Level 5 of the Pits of Slime
 10768 | Slime:5  | Noticed an acid blob
 10772 | Slime:5  | Noticed an acid blob
 10772 | Slime:5  | Noticed an azure jelly
 10778 | Slime:5  | Noticed a rockslime
 10778 | Slime:5  | Noticed an acid blob
 10781 | Slime:5  | Noticed an acid blob
 10783 | Slime:5  | Noticed an acid blob
 10783 | Slime:5  | Noticed an acid blob
 10785 | Slime:5  | Noticed an acid blob
 10785 | Slime:5  | Noticed an acid blob
 10786 | Slime:5  | Found a viscous altar of Jiyva.
 10786 | Slime:5  | Noticed an acid blob
 10787 | Slime:5  | Noticed a quicksilver ooze
 10788 | Slime:5  | Noticed a quicksilver ooze
 10788 | Slime:5  | Noticed an acid blob
 10788 | Slime:5  | Noticed the Royal Jelly
 10898 | Slime:5  | Identified the staff of Lugonu's Delight {rElec rN+ Will-
                  | Int+3 Dex+2 Necro}
 10913 | Slime:5  | Noticed an azure jelly
 10993 | Slime:5  | Identified the +9 morningstar of Guilt {flame, rC+}
 10996 | Slime:5  | Identified the staff of Doom {Str+4 Fire Earth}
 11000 | Slime:5  | Noticed an acid blob
 11105 | Slime:5  | Identified the +1 cloak "Fuol" {rC++ Regen+ Str-3 Slay+6}
 11108 | Slime:5  | Got a slimy rune of Zot
 11110 | Slime:5  | Identified the +1 ring mail "Aliffoer" {rCorr MP+9 Int+3}
 11114 | Slime:5  | Noticed a quicksilver ooze
 11176 | Slime:2  | Noticed an acid blob
 11178 | Slime:2  | Noticed an azure jelly
 11213 | Slime:2  | Noticed an acid blob
 11216 | Slime:2  | Noticed a rockslime
 11229 | Slime:2  | Noticed an azure jelly
 11282 | Lair:5   | Entered Level 5 of the Lair of Beasts
 11534 | Lair:5   | Found an opulent altar of Gozag.
 11552 | Lair:5   | Found a frozen archway.
 11598 | IceCv    | Entered an ice cave
 12208 | Lair:5   | Lost mutation: You have sharp toenails. [Jiyva's grace]
 12208 | Lair:5   | Lost mutation: Your flesh is heat resistant. (rF+) [Jiyva's
                  | grace]
 12208 | Lair:5   | Lost mutation: Your gelatinous body deflects attacks. (AC
                  | +3, EV +3) [Jiyva's grace]
 12208 | Lair:5   | Lost mutation: Armour fits poorly on your large pseudopods.
                  | [Jiyva's grace]
 12208 | Lair:5   | Lost mutation: You have a small jelly attached to you that
                  | may absorb projectiles. [Jiyva's grace]
 12208 | Lair:5   | Lost mutation: Your movements are significantly less
                  | encumbered by armour. (ER -6) [Jiyva's grace]
 12208 | Lair:5   | Gained mutation: You are covered in slimy tendrils that may
                  | disarm your opponents. [Jiyva's grace]
 12208 | Lair:5   | Gained mutation: You are strong-willed. (Will+) [Jiyva's
                  | grace]
 12208 | Lair:5   | Gained mutation: You are highly strong-willed. (Will++)
                  | [Jiyva's grace]
 12208 | Lair:5   | Gained mutation: You are extremely strong-willed. (Will+++)
                  | [Jiyva's grace]
 12217 | Lair:5   | Reached XP level 14. HP: 150/150 MP: 13/13
 12924 | D:12     | Noticed Sonja
 12928 | D:12     | Killed Sonja
 12984 | D:12     | Noticed Snorg
 12992 | D:12     | Killed Snorg
 13102 | D:12     | Reached skill level 15 in Unarmed Combat
 13289 | D:12     | Noticed Rupert
 13299 | D:12     | Killed Rupert
 14216 | D:14     | Lost mutation: You have a pair of small horns on your head.
                  | [Jiyva's grace]
 14216 | D:14     | Lost mutation: Your mind is acute. (Int +4, Str/Dex -1)
                  | [Jiyva's grace]
 14216 | D:14     | Lost mutation: You are extremely strong-willed. (Will+++)
                  | [Jiyva's grace]
 14216 | D:14     | Lost mutation: Your pliable body absorbs attacks. (AC +2,
                  | EV +2) [Jiyva's grace]
 14216 | D:14     | Gained mutation: Your mind is acute. (Int +4, Str/Dex -1)
                  | [Jiyva's grace]
 14216 | D:14     | Gained mutation: Your mind is very acute. (Int +8, Str/Dex
                  | -2) [Jiyva's grace]
 14216 | D:14     | Gained mutation: You passively map a small area around you.
                  | [Jiyva's grace]
 14216 | D:14     | Gained mutation: You passively map the area around you.
                  | [Jiyva's grace]
 15050 | D:14     | Reached XP level 15. HP: 162/162 MP: 14/14
 15276 | D:14     | Found a gate to the Vaults.
 15517 | D:15     | Entered Level 15 of the Dungeon
 16005 | D:15     | Found a staircase to the Depths.
 16617 | Orc:1    | Entered Level 1 of the Orcish Mines
 16704 | Orc:1    | Found Ugicruf's Antique Armour Emporium.
 16995 | Orc:2    | Entered Level 2 of the Orcish Mines
 17006 | Orc:2    | Noticed Josephine
 17019 | Orc:2    | Killed Josephine
 17045 | Orc:2    | Lost mutation: You are highly strong-willed. (Will++)
                  | [Jiyva's grace]
 17045 | Orc:2    | Lost mutation: Your melee attacks may engulf your foes in
                  | ooze. [Jiyva's grace]
 17045 | Orc:2    | Gained mutation: You have hidden genetic potential.
                  | [Jiyva's grace]
 17045 | Orc:2    | Gained mutation: You have great hidden genetic potential.
                  | [Jiyva's grace]
 17045 | Orc:2    | Gained mutation: Your melee attacks may engulf your foes in
                  | ooze. [Jiyva's grace]
 17045 | Orc:2    | Gained mutation: Your muscles are strong. (Str +4, Int/Dex
                  | -1) [Jiyva's grace]
 17234 | Orc:2    | Found Dixtit's Distillery.
 17234 | Orc:2    | Found Lus Juof's Antique Armour Shop.
 17308 | Orc:2    | Found a transporter.
 17308 | Orc:2    | Noticed Pooter's ghost (journeyman MiBe)
 17328 | Orc:2    | Noticed Saint Roka
 17353 | Orc:2    | Killed Saint Roka
 17354 | Orc:2    | Reached skill level 15 in Fighting
 17501 | Orc:2    | Found Reemnidgh's Magic Scroll Emporium.
 17501 | Orc:2    | Found Egypagat's General Store.
 17532 | Orc:2    | Bought a scroll of blinking for 90 gold pieces
 17532 | Orc:2    | Bought 3 scrolls of teleportation for 108 gold pieces
 17533 | Orc:2    | Bought a scroll of teleportation for 36 gold pieces
 17533 | Orc:2    | Bought a scroll of teleportation for 36 gold pieces
 17533 | Orc:2    | Bought a scroll of fear for 48 gold pieces
 17542 | Orc:2    | Bought 2 potions of haste for 280 gold pieces
 17542 | Orc:2    | Bought a scroll of teleportation for 42 gold pieces
 17574 | Orc:2    | Found a staircase to the Elven Halls.
 17740 | Orc:2    | Found a transporter.
 17905 | Orc:2    | Found Xoafeop's Jewellery Shoppe.
 17912 | Orc:2    | Bought an amulet of reflection for 330 gold pieces
 17912 | Orc:2    | Bought a +5 ring of evasion for 396 gold pieces
 18229 | Swamp:1  | Entered Level 1 of the Swamp
 18346 | Swamp:1  | Noticed a thorn hunter
 18356 | Swamp:1  | Killed a thorn hunter
 18419 | Swamp:1  | Reached XP level 16. HP: 175/176 MP: 15/15
 18498 | Swamp:1  | Found a snail-covered altar of Cheibriados.
 18521 | Swamp:1  | Lost mutation: Your mind is very acute. (Int +8, Str/Dex
                  | -2) [Jiyva's grace]
 18521 | Swamp:1  | Lost mutation: You passively map the area around you.
                  | [Jiyva's grace]
 18521 | Swamp:1  | Lost mutation: Your spells are a little harder to cast, but
                  | a little more powerful. [Jiyva's grace]
 18521 | Swamp:1  | Lost mutation: Your rubbery body absorbs attacks. (AC +1,
                  | EV +1) [Jiyva's grace]
 18521 | Swamp:1  | Lost mutation: Armour fits poorly on your pseudopods.
                  | [Jiyva's grace]
 18521 | Swamp:1  | Lost mutation: You are covered in slimy tendrils that may
                  | disarm your opponents. [Jiyva's grace]
 18521 | Swamp:1  | Lost mutation: Your melee attacks may engulf your foes in
                  | ooze. [Jiyva's grace]
 18521 | Swamp:1  | Gained mutation: You have a small jelly attached to you
                  | that senses nearby items. [Jiyva's grace]
 18521 | Swamp:1  | Gained mutation: You passively dampen the noise of your
                  | surroundings. [Jiyva's grace]
 18521 | Swamp:1  | Gained mutation: You are robust. (+10% HP) [Jiyva's grace]
 18521 | Swamp:1  | Gained mutation: You are very robust. (+20% HP) [Jiyva's
                  | grace]
 18881 | Swamp:2  | You fall into a shaft and drop 1 floor!
 19226 | Swamp:4  | Entered Level 4 of the Swamp
 19305 | Swamp:2  | Noticed a thorn hunter
 19327 | Swamp:2  | Killed a thorn hunter
 19896 | Swamp:4  | Noticed a thorn hunter
 19899 | Swamp:4  | Killed a thorn hunter
 19924 | Swamp:4  | Gained mutation: You have supernaturally acute eyesight.
                  | (SInv) [hidden potential]
 20179 | Swamp:3  | an 11-headed hydra changed into an acid blob
 20179 | Swamp:3  | Noticed an acid blob
 20491 | Swamp:4  | Lost mutation: You are mostly covered in iridescent scales.
                  | (AC +4) [Jiyva's grace]
 20491 | Swamp:4  | Lost mutation: Your mind is acute. (Int +4, Str/Dex -1)
                  | [Jiyva's grace]
 20491 | Swamp:4  | Lost mutation: Your movements are less encumbered by
                  | armour. (ER -4) [Jiyva's grace]
 20491 | Swamp:4  | Lost mutation: Your movements are slightly less encumbered
                  | by armour. (ER -2) [Jiyva's grace]
 20491 | Swamp:4  | Lost mutation: You passively dampen the noise of your
                  | surroundings. [Jiyva's grace]
 20491 | Swamp:4  | Gained mutation: You have acidic saliva. [Jiyva's grace]
 20491 | Swamp:4  | Gained mutation: Your translucent skin slightly reduces
                  | your foes' accuracy. (Stealth+) [Jiyva's grace]
 20491 | Swamp:4  | Gained mutation: Your translucent skin reduces your foes'
                  | accuracy. (Stealth+) [Jiyva's grace]
 20491 | Swamp:4  | Gained mutation: Your transparent skin significantly
                  | reduces your foes' accuracy. (Stealth+) [Jiyva's grace]
 20570 | Swamp:4  | Noticed the 27-headed Lernaean hydra
 20604 | Swamp:4  | Killed the 27-headed Lernaean hydra
 20739 | Swamp:4  | Identified the +1 robe of the Moon {Harm}
 20893 | Swamp:4  | Got a decaying rune of Zot
 21055 | Spider:1 | Entered Level 1 of the Spider Nest
 21454 | Spider:1 | You fall into a shaft and drop 1 floor!
 21471 | Spider:2 | Reached XP level 17. HP: 161/226 MP: 11/16
 22338 | Spider:2 | Identified the +5 scimitar of Zyleif {speed, Dex+5}
 22432 | Spider:2 | Lost mutation: You are very robust. (+20% HP) [Jiyva's
                  | grace]
 22432 | Spider:2 | Lost mutation: Your transparent skin significantly reduces
                  | your foes' accuracy. (Stealth+) [Jiyva's grace]
 22432 | Spider:2 | Lost mutation: You have great hidden genetic potential.
                  | [Jiyva's grace]
 22432 | Spider:2 | Gained mutation: You have sharp toenails. [Jiyva's grace]
 22432 | Spider:2 | Gained mutation: You have razor-sharp toenails. [Jiyva's
                  | grace]
 22432 | Spider:2 | Gained mutation: You have claws for feet. [Jiyva's grace]
 22432 | Spider:2 | Gained mutation: Your transparent skin significantly
                  | reduces your foes' accuracy. (Stealth+) [Jiyva's grace]
 22632 | Spider:3 | Reached skill level 5 in Shields
 22846 | Spider:3 | Gained mutation: You are agile. (Dex +4, Str/Int -1)
                  | [hidden potential]
 22846 | Spider:3 | Lost mutation: You have hidden genetic potential. [hidden
                  | potential expressed]
 23382 | Spider:4 | Entered Level 4 of the Spider Nest
 24059 | Spider:3 | Gained mutation: Potions are less effective at restoring
                  | your health. [mutagenic glow]
 24777 | Spider:4 | Reached XP level 18. HP: 222/222 MP: 17/17
 25154 | Spider:4 | Reached skill level 15 in Shapeshifting
 25210 | Spider:4 | Got a gossamer rune of Zot
 25534 | Elf:1    | Entered Level 1 of the Elven Halls
 25535 | Elf:1    | Found Niam's Tiny Tomes.
 25612 | Elf:1    | Paralysed by an air elemental for 1 turns
 25772 | Elf:1    | Found Ycsum's Weapon Boutique.
 25828 | Elf:1    | Found Ymauplao's Antique Weapon Shop.
 25828 | Elf:1    | Found Toah's Book Boutique.
 25834 | Elf:1    | Found Laonuma's General Store.
 25844 | Elf:1    | Bought a book of Changes for 180 gold pieces
 25847 | Elf:1    | Learned a level 2 spell: Wereblood
 26022 | Elf:1    | Found a portal to a secret trove of treasure.
 26172 | Elf:2    | Identified the +6 buckler of Dierus {+Blink}
 26287 | Elf:2    | Found a runed translucent gate.
 26287 | Elf:2    | Found a runed translucent gate.
 26288 | Elf:2    | Found a runed translucent gate.
 26315 | Elf:2    | Lost mutation: You have claws for feet. [Jiyva's grace]
 26315 | Elf:2    | Lost mutation: You have razor-sharp toenails. [Jiyva's
                  | grace]
 26315 | Elf:2    | Lost mutation: You passively map a small area around you.
                  | [Jiyva's grace]
 26315 | Elf:2    | Lost mutation: Your muscles are strong. (Str +4, Int/Dex
                  | -1) [Jiyva's grace]
 26315 | Elf:2    | Lost mutation: Potions are less effective at restoring your
                  | health. [Jiyva's grace]
 26315 | Elf:2    | Gained mutation: Your spells are a little harder to cast,
                  | but a little more powerful. [Jiyva's grace]
 26315 | Elf:2    | Gained mutation: Your spells are harder to cast, but more
                  | powerful. [Jiyva's grace]
 26315 | Elf:2    | Gained mutation: Your spells are much harder to cast, but
                  | much more powerful. [Jiyva's grace]
 26315 | Elf:2    | Gained mutation: You are mostly covered in iridescent
                  | scales. (AC +4) [Jiyva's grace]
 26537 | Elf:2    | Noticed an Ice Fiend
 26542 | Elf:2    | Noticed a Hell Sentinel
 26553 | Elf:2    | Noticed a Tzitzimitl
 26894 | Elf:3    | Entered Level 3 of the Elven Halls
 27074 | Elf:3    | Paralysed by an air elemental for 1 turns
 27521 | Elf:3    | Noticed a Hell Sentinel
 27551 | Elf:3    | Noticed a Tzitzimitl
 27613 | Elf:3    | Reached XP level 19. HP: 186/225 MP: 18/18
 27871 | Elf:3    | Identified the staff "Sadid" {rElec rPois rF- Str+2 Stlth+
                  | Poison}
 27872 | Elf:3    | Identified the staff "Cameoly" {rElec rF+ Will+ Air}
 28341 | Vaults:1 | Entered Level 1 of the Vaults
 28530 | Vaults:1 | Lost mutation: Your spells are much harder to cast, but
                  | much more powerful. [Jiyva's grace]
 28530 | Vaults:1 | Lost mutation: Your transparent skin significantly reduces
                  | your foes' accuracy. (Stealth+) [Jiyva's grace]
 28530 | Vaults:1 | Gained mutation: You are covered in slimy tendrils that may
                  | disarm your opponents. [Jiyva's grace]
 28530 | Vaults:1 | Gained mutation: Your mind is acute. (Int +4, Str/Dex -1)
                  | [Jiyva's grace]
 28530 | Vaults:1 | Gained mutation: Your mind is very acute. (Int +8, Str/Dex
                  | -2) [Jiyva's grace]
 28530 | Vaults:1 | Gained mutation: Armour fits poorly on your pseudopods.
                  | [Jiyva's grace]
 28753 | Vaults:1 | Reached skill level 10 in Shields
 28923 | Vaults:1 | Identified the +2 cloak "Jady" {+Inv}
 29126 | Vaults:1 | Noticed Donald
 29135 | Vaults:1 | Killed Donald
 29670 | Vaults:2 | Noticed Jory
 29680 | Vaults:2 | Killed Jory
 29799 | Vaults:2 | Found Zefy's Weapon Shop.
 29835 | Vaults:2 | Lost mutation: You have supernaturally acute eyesight.
                  | (SInv) [Jiyva's grace]
 29835 | Vaults:2 | Lost mutation: Your system is resistant to poisons. (rPois)
                  | [Jiyva's grace]
 29835 | Vaults:2 | Lost mutation: You are robust. (+10% HP) [Jiyva's grace]
 29835 | Vaults:2 | Lost mutation: Your translucent skin reduces your foes'
                  | accuracy. (Stealth+) [Jiyva's grace]
 29835 | Vaults:2 | Gained mutation: Your rubbery body absorbs attacks. (AC +1,
                  | EV +1) [Jiyva's grace]
 29835 | Vaults:2 | Gained mutation: Your pliable body absorbs attacks. (AC +2,
                  | EV +2) [Jiyva's grace]
 29835 | Vaults:2 | Gained mutation: Your gelatinous body deflects attacks. (AC
                  | +3, EV +3) [Jiyva's grace]
 29835 | Vaults:2 | Gained mutation: Armour fits poorly on your large
                  | pseudopods. [Jiyva's grace]
 29930 | Vaults:2 | Reached XP level 20. HP: 228/228 MP: 19/19
 30186 | Vaults:2 | Found a staircase to the Crypt.
 30755 | Vaults:3 | Found a crumbling gateway.
 30771 | Desolati | Entered the Desolation of Salt
 30861 | Desolati | Identified the amulet of Maaceol {Spirit Str+3 Int-5 Dex+4}
 30876 | Desolati | Identified the ring "Biotinty" {rPois rF+ Will+ SInv}
 30908 | Desolati | Identified the ring of Bomoc {Fly rN+ SInv}
 30915 | Desolati | Identified the amulet of the Sneaky Cities {RegenMP Will-
                  | Dex+6}
 30922 | Desolati | Identified the +7 hand axe of Eliaxoe {flame, rPois rN+
                  | Int-5}
 30964 | Desolati | Identified the amulet of Jufof {Acrobat rF+ Slay+3}
 30969 | Desolati | Identified the +4 scale mail of Yesterday {Harm rC+ rN+
                  | Int-4}
 31007 | Desolati | Reached skill level 15 in Shields
 31015 | Desolati | Reached skill level 1 in Invocations
 31241 | Desolati | Identified the amulet "Omiut" {Regen+ rCorr}
 31260 | Desolati | Identified the +3 morningstar of Valour {speed, rF++}
 31620 | Vaults:3 | Lost mutation: You have sharp toenails. [Jiyva's grace]
 31620 | Vaults:3 | Lost mutation: You are mostly covered in iridescent scales.
                  | (AC +4) [Jiyva's grace]
 31620 | Vaults:3 | Lost mutation: You are partially covered in iridescent
                  | scales. (AC +2) [Jiyva's grace]
 31620 | Vaults:3 | Lost mutation: Your mind is very acute. (Int +8, Str/Dex
                  | -2) [Jiyva's grace]
 31620 | Vaults:3 | Lost mutation: You are strong-willed. (Will+) [Jiyva's
                  | grace]
 31620 | Vaults:3 | Lost mutation: You have acidic saliva. [Jiyva's grace]
 31620 | Vaults:3 | Gained mutation: You have a somewhat thin skeletal
                  | structure. (Dex +2, Stealth+) [Jiyva's grace]
 31620 | Vaults:3 | Gained mutation: You have a moderately thin skeletal
                  | structure. (Dex +4, Stealth++) [Jiyva's grace]
 31620 | Vaults:3 | Gained mutation: You have an unnaturally thin skeletal
                  | structure. (Dex +6, Stealth+++) [Jiyva's grace]
 31620 | Vaults:3 | Gained mutation: Your melee attacks may engulf your foes in
                  | ooze. [Jiyva's grace]
 32118 | Vaults:4 | Reached XP level 21. HP: 237/237 MP: 23/23
 32134 | Vaults:4 | Reached skill level 5 in Invocations
 32833 | Depths:1 | Entered Level 1 of the Depths
 33009 | Depths:1 | Found a sparkling altar of Nemelex Xobeh.
 33098 | Depths:1 | Noticed a juggernaut
 33176 | Depths:1 | Killed a juggernaut
 33296 | Depths:2 | Lost mutation: You have an unnaturally thin skeletal
                  | structure. (Dex +6, Stealth+++) [Jiyva's grace]
 33296 | Depths:2 | Lost mutation: Your mind is acute. (Int +4, Str/Dex -1)
                  | [Jiyva's grace]
 33296 | Depths:2 | Lost mutation: Armour fits poorly on your large pseudopods.
                  | [Jiyva's grace]
 33296 | Depths:2 | Lost mutation: You have a small jelly attached to you that
                  | senses nearby items. [Jiyva's grace]
 33296 | Depths:2 | Gained mutation: You are robust. (+10% HP) [Jiyva's grace]
 33296 | Depths:2 | Gained mutation: You are very robust. (+20% HP) [Jiyva's
                  | grace]
 33296 | Depths:2 | Gained mutation: You are extremely robust. (+30% HP)
                  | [Jiyva's grace]
 33296 | Depths:2 | Gained mutation: You have a small jelly attached to you
                  | that senses nearby items. [Jiyva's grace]
 33387 | Depths:2 | Found a gateway to Hell.
 33408 | Depths:2 | Noticed a golden dragon
 33418 | Depths:2 | Found a transporter.
 33419 | Depths:2 | Killed a golden dragon
 33436 | Depths:2 | Identified the ring "Wipruore" {Fly rPois rN+++ Will+++
                  | Slay-6}
 33542 | Depths:2 | Found Inleug Qafe's Antique Weapon Emporium.
 33581 | Depths:2 | Identified the +3 scimitar "Zuesmab" {venom, Str+4}
 33609 | Depths:2 | Identified the ring of the Raven {Fire rPois Str+5}
 33646 | Depths:2 | Found Zuanish's Assorted Antiques.
 33650 | Depths:2 | Reached skill level 10 in Invocations
 33652 | Depths:2 | Bought a potion of curing for 93 gold pieces
 33652 | Depths:2 | Bought a potion of heal wounds for 155 gold pieces
 33742 | Depths:2 | Identified the ring of Creativity {rC+ rN+}
 33761 | Depths:2 | Found Kiurghim's Weapon Emporium.
 33788 | Depths:2 | Found a transporter.
 33869 | Depths:2 | Found a one-way gate leading to the halls of Pandemonium.
 33930 | Depths:2 | Identified the +3 arbalest of Sunlight {penet, *Slow rF-
                  | rCorr Dex+9}
 33994 | Depths:3 | Found a one-way gateway to a ziggurat.
 34073 | Abyss:3  | Found a corrupted altar of Lugonu.
 34073 | Abyss:3  | Cast into level 3 of the Abyss (an occultist)
 34298 | Abyss:3  | Found a corrupted altar of Lugonu.
 34349 | Depths:3 | Escaped the Abyss
 34355 | Depths:2 | Reached XP level 22. HP: 321/321 MP: 30/30
 34524 | Depths:3 | Found a one-way gate to the infinite horrors of the Abyss.
 34778 | Depths:3 | Paralysed by a vampire knight for 5 turns
 34854 | Depths:3 | Found the +2 hood of the Assassin {Detect Stab+ Stlth++}
 34910 | Depths:3 | Found the +2 cloak of the Thief {*Fog Slay-2 SInv Stlth+}
 34913 | Depths:3 | Found a shadowy altar of Dithmenos.
 35477 | Depths:4 | Entered Level 4 of the Depths
 35477 | Depths:4 | Noticed a caustic shrike
 35477 | Depths:4 | Noticed a caustic shrike
 35477 | Depths:4 | Lost mutation: You have a moderately thin skeletal
                  | structure. (Dex +4, Stealth++) [Jiyva's grace]
 35477 | Depths:4 | Lost mutation: You are extremely robust. (+30% HP) [Jiyva's
                  | grace]
 35477 | Depths:4 | Lost mutation: Your gelatinous body deflects attacks. (AC
                  | +3, EV +3) [Jiyva's grace]
 35477 | Depths:4 | Lost mutation: Armour fits poorly on your pseudopods.
                  | [Jiyva's grace]
 35477 | Depths:4 | Lost mutation: Your melee attacks may engulf your foes in
                  | ooze. [Jiyva's grace]
 35477 | Depths:4 | Gained mutation: You have a small jelly attached to you
                  | that may absorb projectiles. [Jiyva's grace]
 35477 | Depths:4 | Gained mutation: Your melee attacks may engulf your foes in
                  | ooze. [Jiyva's grace]
 35477 | Depths:4 | Gained mutation: You are extremely robust. (+30% HP)
                  | [Jiyva's grace]
 35477 | Depths:4 | Gained mutation: You have sharp toenails. [Jiyva's grace]
 35480 | Depths:4 | Noticed a caustic shrike
 35576 | Depths:3 | Killed a caustic shrike
 35577 | Depths:3 | Reached skill level 15 in Invocations
 35578 | Depths:3 | Killed a caustic shrike
 35593 | Depths:3 | Killed a caustic shrike
 36054 | Depths:4 | Reached XP level 23. HP: 330/330 MP: 34/34
 36082 | Depths:4 | Noticed the Enchantress
 36112 | Depths:4 | Noticed Xtahua
 36120 | Depths:4 | Killed the Enchantress
 36128 | Depths:4 | Killed Xtahua
 36207 | Depths:4 | Found a glowing silver altar of Zin.
 36209 | Depths:4 | Found a white marble altar of Elyvilon.
 36210 | Depths:4 | Found a glowing golden altar of the Shining One.
 36418 | Depths:4 | Found a gate to the Realm of Zot.
 36553 | Zot:1    | Entered Level 1 of the Realm of Zot
 36844 | Zot:1    | Identified the amulet of Rationality {Faith Dex+6}
 37478 | Zot:1    | Identified the +0 scale mail "Rerrin" {Fly rC+}
 37597 | Zot:2    | Noticed a curse toe
 37604 | Zot:2    | Killed a curse toe
 37824 | Zot:2    | Lost mutation: You have a somewhat thin skeletal structure.
                  | (Dex +2, Stealth+) [Jiyva's grace]
 37824 | Zot:2    | Lost mutation: You are extremely robust. (+30% HP) [Jiyva's
                  | grace]
 37824 | Zot:2    | Lost mutation: Your pliable body absorbs attacks. (AC +2,
                  | EV +2) [Jiyva's grace]
 37824 | Zot:2    | Lost mutation: You have a small jelly attached to you that
                  | senses nearby items. [Jiyva's grace]
 37824 | Zot:2    | Lost mutation: Your melee attacks may engulf your foes in
                  | ooze. [Jiyva's grace]
 37824 | Zot:2    | Gained mutation: Your spells are much harder to cast, but
                  | much more powerful. [Jiyva's grace]
 37824 | Zot:2    | Gained mutation: You have acidic saliva. [Jiyva's grace]
 37824 | Zot:2    | Lost mutation: You have sharp toenails. [Jiyva's grace]
 37824 | Zot:2    | Gained mutation: You have large cloven feet. [Jiyva's
                  | grace]
 37824 | Zot:2    | Gained mutation: You have hoof-like feet. [Jiyva's grace]
 38213 | Zot:3    | Noticed a Killer Klown
 38223 | Zot:3    | Killed a Killer Klown
 38319 | Zot:3    | Reached XP level 24. HP: 318/318 MP: 36/36
 38906 | Zot:4    | Noticed an orb of fire
 38924 | Zot:4    | Reached skill level 5 in Dodging
 39031 | Zot:5    | Entered Level 5 of the Realm of Zot
 39304 | Zot:5    | Noticed an ancient lich
 39322 | Zot:5    | Noticed an orb of fire
 39332 | Zot:5    | Gained mutation: You sometimes lose your temper in combat.
                  | [an orb of fire]
 39334 | Zot:5    | Killed an orb of fire
 39371 | Zot:5    | Noticed an orb of fire
 39381 | Zot:5    | Killed an orb of fire
 39397 | Zot:5    | Noticed an orb of fire
 39399 | Zot:5    | Gained mutation: A frigid envelope surrounds you and
                  | freezes all who hurt you. [an orb of fire]
 39402 | Zot:5    | Killed an orb of fire
 39420 | Zot:5    | Noticed an orb of fire
 39423 | Zot:5    | Noticed an orb of fire
 39425 | Zot:5    | Gained mutation: You occasionally lose the ability to drink
                  | potions when taking damage. [an orb of fire]
 39429 | Zot:5    | Killed an orb of fire
 39433 | Zot:5    | Noticed a Killer Klown
 39450 | Zot:5    | Killed an orb of fire
 39453 | Zot:5    | Killed a Killer Klown
 39485 | Zot:5    | Killed an ancient lich
 39555 | Zot:5    | Noticed an orb of fire
 39565 | Zot:5    | Noticed an orb of fire
 39566 | Zot:5    | Gained mutation: You occasionally lose the ability to read
                  | scrolls when taking damage. [an orb of fire]
 39570 | Zot:5    | Gained mutation: Your body sometimes deteriorates upon
                  | taking damage. [an orb of fire]
 39571 | Zot:5    | Killed an orb of fire
 39576 | Zot:5    | Killed an orb of fire
 39580 | Zot:5    | Noticed an ancient lich
 39588 | Zot:5    | Killed an ancient lich
 39618 | Zot:5    | Lost mutation: Your translucent skin slightly reduces your
                  | foes' accuracy. (Stealth+) [potion of mutation]
 39618 | Zot:5    | Lost mutation: Your body sometimes deteriorates upon taking
                  | damage. [potion of mutation]
 39618 | Zot:5    | Lost mutation: You have acidic saliva. [potion of mutation]
 39619 | Zot:5    | Lost mutation: You have a small jelly attached to you that
                  | may absorb projectiles. [potion of mutation]
 39619 | Zot:5    | Lost mutation: You occasionally lose the ability to drink
                  | potions when taking damage. [potion of mutation]
 39619 | Zot:5    | Lost mutation: A frigid envelope surrounds you and freezes
                  | all who hurt you. [potion of mutation]
 39619 | Zot:5    | Gained mutation: Your muscles are strong. (Str +4, Int/Dex
                  | -1) [potion of mutation]
 39620 | Zot:5    | Lost mutation: You are very robust. (+20% HP) [potion of
                  | mutation]
 39620 | Zot:5    | Lost mutation: You are agile. (Dex +4, Str/Int -1) [potion
                  | of mutation]
 39620 | Zot:5    | Gained mutation: You have an increased reservoir of magic.
                  | (+10% MP) [potion of mutation]
 39634 | Zot:5    | Got the Orb of Zot
 39678 | Zot:5    | Noticed a seraph
 39716 | Zot:5    | Noticed Mugenn the pandemonium lord
 40190 | D:$      | Escaped with the Orb!

Illustrated notes

Levels and vault maps discovered:
D:1:      dpeg_arrival_long_road, layout_rooms,
          hellmonk_ecumenical_altar_watching_god
D:2:      layout_rooms, uniq_crazy_yiuf_cottage
D:3:      layout_rooms, minitemple, minmay_misc_feat_hallway
D:4:      layout_cave_pools, nicolae_overflow_crystal_walls,
          gammafunk_temple_overflow_claw, chequers_big_river,
          hangedman_decor_growths, uniq_blork_the_orc
D:5:      layout_basic, trog_hazing_becter, minmay_checkerbox, uniq_duvessa
D:6:      layout_basic, cheibrodos_ashenzari_chains, serial_shops,
          nicolae_shop_tiny_real_fake_doors
D:7:      layout_loops_ring, minmay_temple_entry_junction, serial_shops,
          nicolae_stop_n_shop_2
D:8:      layout_cave_pools, okawaru_ov_weapons_minmay, uniq_maggie
D:9:      layout_roguey, nicolae_qazlal_eye_of_the_storm, erik_orc_3,
          hangedman_decor_lopped, uniq_prince_ribbit1, uniq_grum
D:10:     layout_loops_corners, nicolae_ru_the_path_less_chosen, serial_shops,
          shop_fountains, uniq_erolcha, uniq_nergalle
D:11:     layout_basic, erik_lair_orcish_takeover
D:12:     layout_rooms, nicolae_sextant, nicolae_looking_at_the_future,
          uniq_rupert, uniq_sonja, uniq_snorg
D:13:     layout_cave_pools
D:14:     layout_layer_cave, grunt_vaults_entry_tiered, minmay_protected_statue
D:15:     grunt_enter_depths_snipers, layout_loops_ring, minmay_misc_feat_iff
Lair:1:   layout_roguey, nicolae_quartered_pool_super,
          infiniplex_staircase_pool_2, serial_bayou_shore_b,
          serial_bayou_shore_a, grunt_megastairs_1
Lair:2:   layout_loops_ring, minmay_swamp_entry_reptiles,
          spider_nest_entry_funnel_web, serial_bayou_pond_e
Lair:3:   layout_chaotic_city, dreamdust_gnoll_shepherd
Lair:4:   layout_regular_city, slime_entry_1, chequers_serial_rivers_micro_a
Lair:5:   minmay_lair_end_enchanted_forest, layout_regular_city, basic_altar,
          portal_ice_cave_demonic_guard, grunt_megastairs_2
Swamp:1:  layout_basic_swamp, evilmike_swamp_ruin_house_5, swamp_pool_4,
          lemuel_altar_in_water, nicolae_swamp_spooky_pond
Swamp:2:  layout_basic_swamp, serial_swamp_ruin, evilmike_swamp_ruin_house_3,
          evilmike_swamp_ruin_house_1, evilmike_swamp_ruin_house_2,
          swamp_pool_1_2
Swamp:3:  layout_basic_swamp, nicolae_swamp_tree_isthmus
Swamp:4:  swamp_old_school, layout_basic_swamp
Spider:1: layout_chambers
Spider:2: layout_spider_delve, drop_trap, beargit_elvish_explorers
Spider:3: layout_spider_delve, spiders_nest_spider_trap
Spider:4: spider_rune_water
Slime:1:  layout_caves, cheibrodos_slime_lost_civilization_5
Slime:2:  layout_caves, cheibrodos_slime_lost_civilization_7
Slime:3:  layout_caves, nicolae_slime_barrier
Slime:4:  layout_caves
Slime:5:  slime_pit_nicolae_inversion
Orc:1:    layout_caves, serial_shops, nicolae_shop_hallway_stairs
Orc:2:    st_orc_town, layout_diamond_mine, serial_shops,
          nicolae_shop_back_alley_shop, gammafunk_ghost_berserking_beasts,
          uniq_saint_roka, uniq_josephine
Elf:1:    layout_rooms, nicolae_trove_entry_diagonal, hangedman_elf_represent,
          nicolae_shop_i_like_small_books_too, minmay_shoptagon
Elf:2:    nicolae_elf_blades_splatter_lattice
          [nicolae_blade_entry_crossed_weapons], layout_geoelf_grid,
          palyth_stone_intersect, nrook_loot_triangle
Elf:3:    minmay_elf_hall_dome, layout_geoelf_octagon
Vaults:1: mu_enter_wizlab_3, nicolae_vaults_house_3, nicolae_vaults_alarming,
          nicolae_vaults_closet_pinwheel_4, nicolae_vaults_stepped_doors,
          hangedman_vaults_corner, nicolae_vaults_closet_pinwheel_4,
          ontoclasm_vaults_pinch, nicolae_vaults_tetromino_Z_1,
          nicolae_vaults_trapezoid_1, layout_vaults_omnigrid, uniq_donald
Vaults:2: minmay_crypt_entry_vampire_xt, v_misc_14,
          nicolae_vaults_sightless_eye, ontoclasm_vaults_ring_large,
          ontoclasm_vaults_fault, hangedman_vaults_cutoff, vaults_mumra_hex,
          v_misc_12, nicolae_vaults_taking_the_gang_shopping,
          nicolae_vaults_murder_corner, nicolae_vaults_surprise_closet,
          nicolae_vaults_layer_cake_slice, layout_vaults_omnicross, uniq_jory
Vaults:3: portal_desolation_entry_nicolae_slug, vaults_room_pools,
          nicolae_vaults_storage_closets_2, vaults_room_boxed,
          nicolae_vaults_network_square, special_room_vaults [special_room_orc],
          nicolae_vaults_angled_halls, hangedman_vaults_stretched_pinwheel,
          nicolae_vaults_little_squares_2, vaults_mumra_lcd,
          nicolae_vaults_apartment_1, layout_vaults_ring
Vaults:4: vaults_standard_mumra_lines, nicolae_vaults_network_barrier,
          vaults_dpeg_ring, v_alt_pattern_6, ontoclasm_vaults_idyll,
          nicolae_vaults_heist, nicolae_vaults_fighting_squares,
          nicolae_vaults_mitosis, vaults_mumra_hexcomb,
          nicolae_vaults_diagonal_hallway_8, v_misc_14, layout_vaults_maze_bifur
Depths:1: kennysheep_bubble_arena, layout_long_grid,
          nemelex_xobeh_ov_fountains_minmay, hell_entry,
          kennysheep_generic_room_15, minmay_shop_grove
Depths:2: hangedman_spin_cycle, pan_entry, hell_entry
Depths:3: regret_index_dithmenos_brocken_genspenst, layout_cave_pools,
          enter_ziggurat_f, rand_demon_pan_entry_4, hangedman_abyss_entry_splay,
          amcnicky_mini_rare_corridor_liquid, grunt_hell_entry_dis_mu,
          infiniplex_staircase_zigzag_3
Depths:4: grunt_twist_and_shout, layout_cave_pools, good_gods_temple_1,
          rand_demon_pan_entry_7, hangedman_coc_ice_floe, uniq_enchantress,
          uniq_xtahua
Zot:1:    layout_twisted_circle, st_large_dragon_hoard_3
Zot:2:    evilmike_crystal_ball_defense, layout_onion_interference
Zot:3:    lemuel_draconian_sentries, layout_cellular_growth,
          hangedman_zot_decor_tridents
Zot:4:    layout_basic, regret_index_zotdec_twisting_globes
Zot:5:    layout_misc_corridors

Skill      XL: |  1  2  3  4  5  6  7  8  9 10 11 12 13 14 15 16 17 18 19 20 21 22 23 24 |
---------------+-------------------------------------------------------------------------+-----
Shapeshifting  | 1 2 3 4 6 7 9 10 11 13 14 15 16 | 16.0
Fighting       | 3 4 5 6 7 8 10 11 12 13 15 16 17 19 20 | 20.0
Unarmed Combat | 3 4 5 7 8 10 11 13 14 16 17 19 20 | 20.0
Shields        | 3 5 8 11 15 16 18 | 18.8
Invocations    | 4 12 16 20 | 20.1
Dodging        | 4 9 |  9.4

Action                     |  1- 3 |  4- 6 |  7- 9 | 10-12 | 13-15 | 16-18 | 19-21 | 22-24 || total
---------------------------+-------+-------+-------+-------+-------+-------+-------+-------++-------
  Melee: Unarmed           |   102 |   109 |   207 |   522 |  1067 |  1176 |   970 |  1026 ||  5179
         Headbutt          |       |     7 |    29 |    88 |   110 |       |       |       ||   234
         Kick              |       |       |    33 |   153 |    94 |   237 |   189 |   324 ||  1030
         Pseudopods        |       |       |       |    73 |   251 |       |   197 |    72 ||   593
         Bite              |       |       |       |       |       |   121 |    63 |    59 ||   243
  Throw: Large rock        |       |       |     8 |     4 |     3 |     3 |       |       ||    18
         Dart              |       |       |     1 |     3 |       |       |       |       ||     4
         Throwing net      |       |       |       |       |     1 |       |       |       ||     1
 Invoke: Slimify           |       |       |     1 |     2 |     2 |     8 |       |       ||    13
         Oozemancy         |       |       |       |       |     1 |     5 |     1 |     5 ||    12
  Evoke: Wand              |       |       |       |       |       |    15 |     1 |       ||    16
         Phantom mirror    |       |       |       |       |       |     1 |       |       ||     1
    Use: Scroll            |       |     6 |     4 |     8 |    10 |    13 |     3 |     6 ||    50
         Potion            |       |     1 |     2 |     2 |     1 |     7 |       |    11 ||    24
   Stab: Sleeping          |     1 |       |       |       |       |     3 |    10 |     3 ||    17
         Held in net/web   |       |       |       |       |     1 |     1 |       |       ||     2
         Distracted        |       |       |       |       |       |     2 |     5 |     2 ||     9
         Confused          |       |       |       |       |       |       |     1 |       ||     1
 Armour: Robe              |    44 |    74 |   150 |       |       |       |       |       ||   268
         Acid dragon scale |       |       |    25 |   278 |   726 |   822 |    10 |    33 ||  1894
         Skin              |       |       |       |       |       |       |   778 |  1727 ||  2505
  Dodge: Dodged            |    42 |    53 |   115 |   209 |   489 |   617 |   494 |   637 ||  2656
  Block: Kite shield       |    40 |    40 |    76 |   163 |   352 |   800 |   894 |  1033 ||  3398
         Reflection        |       |       |       |       |       |    47 |    40 |       ||    87
         Form:             |       |       |       |       |       |     1 |     1 |     1 ||     3
         Dragon            |       |       |       |       |       |     1 |       |       ||     1
         Statue            |       |       |       |       |       |       |     2 |       ||     2

Table legend: (Time is in decaauts)
 A = Elapsed time spent in this place.
 B = Non-inter-level travel time spent in this place.
 C = Inter-level travel time spent in this place.
 D = Time resting spent in this place.
 E = Time spent auto-exploring this place.
 F = Levels seen in this place.
 G = Mean time per level.
                   A        B        C        D        E       F      G
               +--------+--------+--------+--------+--------+-----+--------+
         Total |  44878 |  41373 |   3505 |   2018 |  26601 |  54 |  831.1 |
       Dungeon |  11377 |  10263 |   1114 |    326 |   7739 |  15 |  758.5 |
          Lair |   4581 |   4221 |    360 |     16 |   3051 |   5 |  916.2 |
         Swamp |   2716 |   2471 |    245 |    220 |   1563 |   4 |  679.0 |
   Spider Nest |   4209 |   3965 |    244 |    799 |   1919 |   4 | 1052.2 |
    Slime Pits |    971 |    691 |    280 |      0 |    583 |   5 |  194.2 |
  Orcish Mines |   1550 |   1352 |    198 |      0 |    951 |   2 |  775.0 |
   Elven Halls |   2764 |   2434 |    330 |     33 |   1379 |   3 |  921.3 |
        Vaults |   5527 |   5288 |    239 |     30 |   3970 |   4 | 1381.8 |
        Depths |   4957 |   4571 |    386 |    136 |   2518 |   4 | 1239.2 |
           Zot |   4635 |   4530 |    105 |    209 |   2362 |   5 |  927.0 |
         Abyss |    385 |    385 |      0 |    135 |     43 |   1 |  385.0 |
      Ice Cave |    408 |    408 |      0 |    107 |    136 |   1 |  408.0 |
    Desolation |    791 |    791 |      0 |      4 |    382 |   1 |  791.0 |
               +--------+--------+--------+--------+--------+-----+--------+

Top non-repeatable levels by time:
Depths:3: 1975 daAuts
Vaults:1: 1663 daAuts
    D:14: 1614 daAuts
   Zot:1: 1479 daAuts
Spider:3: 1427 daAuts
Vaults:2: 1333 daAuts
Vaults:3: 1309 daAuts
Vaults:4: 1220 daAuts
Depths:4: 1200 daAuts
Spider:4: 1192 daAuts
   Elf:3: 1153 daAuts
Depths:2: 1142 daAuts
   Orc:2: 1137 daAuts
     D:9: 1134 daAuts
   Zot:3: 1113 daAuts
